 Dungeon Crawl Stone Soup version 0.30-a0-365-ge7f957f1db (webtiles) character file.

Game seed: 3073075564569771354

17 vineage the Trooper (level 2, 27/27 HPs)
             Began as an Ogre Gladiator on Nov 16, 2022.
             Quit the game on level 1 of the Dungeon.
             The game lasted 00:01:04 (794 turns).

vineage the Trooper (Ogre Gladiator)                 Turns: 794, Time: 00:01:04

Health: 27/27      AC:  4    Str: 17    XL:     2   Next: 62%
Magic:  2/2        EV: 10    Int:  9    God:
Gold:   43         SH:  0    Dex: 10    Spells: 1/1 levels left

rFire   x . .      SeeInvis .    a - +1 flail
rCold   . . .      Faith    .    (no shield)
rNeg    . . .      Spirit   .    b - +0 robe
rPois   .          Reflect  .    c - +1 hat
rElec   .          Harm     .    (no cloak)
rCorr   .          Rampage  .    (gloves unavailable)
Will    .....                    (boots unavailable)
Stlth   +.........               (no amulet)
HPRegen 0.24/turn                (no ring)
MPRegen 0.08/turn                (no ring)

@: no status effects
A: large, unfitting armour, tough skin 1, frail 1, heat vulnerability 1
a: no special abilities


You were on level 1 of the Dungeon.
You visited 1 branch of the dungeon, and saw 1 of its levels.

You collected 43 gold pieces.

Inventory:

Hand Weapons
 a - a +1 flail (weapon)
Missiles
 d - 3 throwing nets (quivered)
 e - a large rock
Armour
 b - a +0 robe (worn)
 c - a +1 hat (worn)
Jewellery
 f - an amulet of magic regeneration
Scrolls
 g - a scroll of magic mapping
Potions
 m - a potion of degeneration {unknown}


   Skills:
 * Level 3.5 Fighting
 * Level 3.1 Maces & Flails
 - Level 2.0 Throwing
 - Level 2.6 Dodging


You had one spell level left.
You didn't know any spells.
Your spell library contained the following spells:

 Spells                   Type           Power      Damage    Failure   Level
 Dazzling Flash           Conj/Hex       0%         N/A       77%         3
 Agony                    Necr           0%         N/A       100%        5
 Silence                  Hex/Air        0%         N/A       100%        5


Dungeon Overview and Level Annotations

Branches:
Dungeon (1/15)

Altars:


Innate Abilities, Weirdness & Mutations

You are too large for most types of armour.
You have tough skin. (AC +1)
You are frail. (-10% HP)
You are vulnerable to heat. (rF-)


Message History

You kill the bat!
No target in view!
No target in view!
No target in view!
No target in view!
No target in view!
No target in view!
No target in view!
No target in view!
No target in view!
No target in view!
No target in view!
No target in view!
No target in view!
You now have 43 gold pieces (gained 1).
m - an emerald potion Done exploring.
Done exploring.
Done exploring.
No target in view!
As you read the scroll labelled NIURCH UTZU, it crumbles to dust.
You feel momentarily disoriented.
It was a scroll of magic mapping.
As you read the scroll labelled VUVYRI ASIEREZIY, it crumbles to dust.
You feel strangely unstable.
It was a scroll of teleportation.
As you read the scroll labelled TOIMNOPPEACS, it crumbles to dust.
It is a scroll of enchant weapon.
Your +0 flail glows red for a moment.
As you read the scroll labelled TOLAMY YZOGU, it crumbles to dust.
It is a scroll of enchant armour.
Your +0 hat glows green for a moment.
As you read the scroll labelled XARAAH DISO, it crumbles to dust.
It is a scroll of identify.
l - a potion of mutation Done exploring.
Done exploring.
Really quaff the potion of mutation?
You feel extremely strange.
You feel frail.
You feel vulnerable to heat.
Your surroundings suddenly seem different.
Are you sure you want to abandon this character and quit the game? (Confirm with "yes".)

######.......##.##..............#
.[...#.......##.###.............#
.....#.....[.##.###.............#
.............##.##...............
................................>
.............#...................
.............#.......#...........
.............#.......#...........
.............#..@.####........###
.....#.......###### #).......#
.....######### #........# .....#
########## .....# .....# .....#
######


There were no monsters in sight!

Vanquished Creatures
  2 bats (D:1)
  An endoplasm (D:1)
  3 goblins (D:1)
  2 hobgoblins (D:1)
  2 jackals (D:1)
  2 quokkas (D:1)
  A kobold (D:1)
13 creatures vanquished.

Notes
Turn   | Place    | Note
-------+----------+-------------------------------------------
     0 | D:1      | vineage the Ogre Gladiator began the quest for the Orb.
     0 | D:1      | Reached XP level 1. HP: 22/22 MP: 1/1
    90 | D:1      | Reached XP level 2. HP: 27/31 MP: 2/2
   793 | D:1      | Gained mutation: You are frail. (-10% HP) [potion of
                  | mutation]
   793 | D:1      | Gained mutation: You are vulnerable to heat. (rF-) [potion
                  | of mutation]
   794 | D:1      | Quit the game

Illustrated notes

Levels and vault maps discovered:
D:1:      tarquinn_simple_flora_water_f, layout_basic

Skill      XL: |  1  2 |
---------------+-------+-----
Fighting       | 3 |  3.5
Maces & Flails | 3 |  3.1
Throwing       | |  2.0
Dodging        | |  2.6

Action                   || total
-------------------------++-------
Melee: Flail             ||    51
  Use: Scroll            ||     6
       Potion            ||     1
Armor: Robe              ||    23
Dodge: Dodged            ||    37

Table legend: (Time is in decaauts)
 A = Elapsed time spent in this place.
 B = Non-inter-level travel time spent in this place.
 C = Inter-level travel time spent in this place.
 D = Time resting spent in this place.
 E = Time spent auto-exploring this place.
 F = Levels seen in this place.
 G = Mean time per level.
                   A        B        C        D        E       F      G
               +--------+--------+--------+--------+--------+-----+--------+
         Total |    807 |    798 |      9 |      0 |    667 |   1 |  807.0 |
       Dungeon |    807 |    798 |      9 |      0 |    667 |   1 |  807.0 |
               +--------+--------+--------+--------+--------+-----+--------+

Top non-repeatable levels by time:
     D:1: 807 daAuts
